 Dungeon Crawl Stone Soup version 0.23.0-33-g5e6c059fef (webtiles) character file.

Game seed: 2897430732731669143

436 MirrMurr the Covert (level 6, 0/28 HPs)
             Began as a Spriggan Enchanter on Feb 26, 2019.
             Killed from afar by an orc wizard (11 damage)
             ... with a puff of flame
             ... on level 4 of the Dungeon.
             The game lasted 00:09:30 (3902 turns).

MirrMurr the Covert (Spriggan Enchanter)            Turns: 3902, Time: 00:09:31

Health: 0/28       AC:  3    Str:  6    XL:     6   Next: 69%
Magic:  10/11      EV: 22    Int: 17    God:
Gold:   194        SH:  0    Dex: 16    Spells: 3/11 levels left

rFire    . . .     SeeInvis +   a - +2 dagger
rCold    . . .     Gourm    .   (shield restricted)
rNeg     . . .     Faith    .   b - +1 robe
rPois    .         Spirit   .   (helmet restricted)
rElec    .         Reflect  .   (no cloak)
rCorr    .         Harm     .   (gloves unavailable)
MR       +....                  (boots unavailable)
Stlth    ++++......             j - amulet of magic regeneration
HPRegen  0.09/turn              s - +4 ring of evasion
MPRegen  0.37/turn              (no ring)

@: very quick
A: very small, unfitting armour, see invisible, herbivore, speed 3, slow
metabolism 2
a: no special abilities


You were on level 4 of the Dungeon.
You were not hungry.

You visited 1 branch of the dungeon, and saw 4 of its levels.

You collected 194 gold pieces.

Inventory:

Hand Weapons
 a - a +2 dagger (weapon)
 q - a +0 blowgun
Missiles
 f - 72 stones (quivered)
 l - 11 poisoned needles
Armour
 b - a +1 robe (worn)
Jewellery
 j - an amulet of magic regeneration (around neck)
 s - a +4 ring of evasion (left hand)
Wands
 e - a wand of flame (18)
Scrolls
 h - a scroll of teleportation
 r - 4 scrolls of remove curse
Potions
 d - a potion of resistance
 g - a potion of magic {unknown}
 k - a potion of heal wounds
 m - a potion of lignification
 o - a potion of might
Comestibles
 c - 4 rations


   Skills:
 - Level 5.1 Short Blades
 - Level 3.0 Dodging
 - Level 8.0 Stealth
 + Level 3.3 Spellcasting
 * Level 4.5 Hexes


You had 3 spell levels left.
You knew the following spells:

 Your Spells              Type           Power        Failure   Level  Hunger
a - Ensorcelled Hibernat  Hex/Ice        ##....       10%         2    ##.....
b - Confuse               Hex            ###.....     8%          3    ###....
c - Tukima's Dance        Hex            ###.....     8%          3    ###....

Your spell library contained the following spells:

 Spells                   Type           Power        Failure   Level  Hunger
 Corona                   Hex            ###....      2%          1    None
 Dazzling Spray           Conj/Hex       ##....       21%         3    ###....


Dungeon Overview and Level Annotations

Branches:
Dungeon (4/15)
 Temple: D:4-7

Altars:
Ashenzari
Cheibriados
Vehumet


Innate Abilities, Weirdness & Mutations

You are very small and have problems with some larger weapons.
You are too small for most types of armour.
You have supernaturally acute eyesight. (SInv)
You are a herbivore.
You cover ground extremely quickly.
You need to consume almost no food.


Message History

Your Spellcasting skill increases to level 3!
Your Hexes skill increases to level 4!
Things that are here:
a +0 giant club; an ogre corpse Your magical contamination has completely faded away.
An orc priest comes into view. It is wielding a +0 dagger.
A hound, an orc and an orc wizard come into view.
The orc wizard shouts! x2; The orc shouts!
The hound barks!
The orc priest shouts!
The orc wizard casts a spell.
The orc wizard seems to speed up.
The orc priest calls down the wrath of Beogh upon you.
Beogh smites you!
Ouch! That really hurt!
You hear a shout!
Things that are here:
a +0 giant club; an ogre corpse The orc wizard points at you and mumbles some strange words.
The puff of flame hits you!
You die...

.....#........#....#..##...#
###+##........#....#..#....#
## #....##..#....#..#....#
.# ......>##..#....#..#....#
.#........+...#....#..#....#
######....##..'....#..#....#
.....#....##..#....#..######
.....#....##..#....#..##...#
.....#........#.@..#.......#
.....# .....#....#.......#
.....###+######....##.###..#
..............).#####.###..#
#####...........#...#......#
#.........h.#.>.#......#
#.........o.#...#......#
#..........o#...#......#
.........o..o##.#..#######


You could see a hound, an orc priest and an orc wizard.

Vanquished Creatures
  3 ogres
  A howler monkey (D:4)
  2 worker ants (D:4)
  A hound skeleton (D:4)
  An adder (D:2)
  2 oozes
  A dart slug (D:1)
  3 leopard geckos
  An orc (D:3)
  3 giant cockroaches
  7 goblins
  4 hobgoblins
  4 jackals (D:2)
  A quokka (D:4)
  2 ball pythons
  7 bats
  A frilled lizard (D:2)
  8 kobolds
  A quokka zombie (D:4)
  5 rats
58 creatures vanquished.

Notes
Turn   | Place    | Note
-------+----------+-------------------------------------------
     0 | D:1      | MirrMurr the Spriggan Enchanter began the quest for the
                  | Orb.
     0 | D:1      | Reached XP level 1. HP: 9/9 MP: 5/5
   392 | D:1      | Reached XP level 2. HP: 13/13 MP: 6/6
   396 | D:1      | Learned a level 2 spell: Ensorcelled Hibernation
   460 | D:1      | Reached skill level 5 in Stealth
  1477 | D:2      | Reached XP level 3. HP: 16/16 MP: 5/8
  1694 | D:2      | Found a snail-covered altar of Cheibriados.
  2216 | D:2      | Reached skill level 6 in Stealth
  2358 | D:2      | Learned a level 3 spell: Confuse
  2697 | D:3      | Noticed an ogre
  2743 | D:3      | Killed an ogre
  2743 | D:3      | Reached skill level 7 in Stealth
  2743 | D:3      | Reached XP level 4. HP: 21/21 MP: 3/9
  2743 | D:3      | Reached XP level 5. HP: 24/24 MP: 3/10
  2748 | D:3      | Learned a level 3 spell: Tukima's Dance
  3450 | D:4      | Found a radiant altar of Vehumet.
  3454 | D:4      | Found a shattered altar of Ashenzari.
  3454 | D:4      | Noticed an ogre
  3464 | D:4      | Killed an ogre
  3469 | D:4      | Reached skill level 8 in Stealth
  3469 | D:4      | Reached XP level 6. HP: 28/28 MP: 6/11
  3669 | D:4      | Reached skill level 5 in Short Blades
  3902 | D:4      | Killed from afar by an orc wizard

Skill      XL: |  1  2  3  4  5  6 |
---------------+-------------------+-----
Stealth        | 5 7 8 |  8.0
Short Blades   | 2 3 4 5 |  5.1
Spellcasting   | 3 |  3.3
Hexes          | 4 |  4.5
Dodging        | |  3.0

Action                   |  1- 3 |  4- 6 || total
-------------------------+-------+-------++-------
Melee: Dagger            |   158 |    39 ||   197
 Cast: Ensorcelled Hiber |    23 |    15 ||    38
       Confuse           |       |     5 ||     5
  Use: Scroll            |     9 |     6 ||    15
 Stab: Sleeping          |    18 |    12 ||    30
       Distracted        |     2 |       ||     2
  Eat: Ration            |       |     2 ||     2
Armor: Robe              |    15 |     5 ||    20
Dodge: Dodged            |   135 |    27 ||   162
